ABL
WESTS TIGERS @ CRONULLA SHARKS
08/27/2022
 
TOP OF THE 1ST
Wests Tigers batting - Pitching for Cronulla Sharks : LHP Young-chul Kong
Pitching: LHP Young-chul Kong
Batting: RHB Shane Esmond 0-0: Ball
1-0: Called Strike
1-1: DOUBLE (Line Drive, 5D, EV 106.9 MPH)
Batting: RHB Joel Farrell 0-0: Swinging Strike
0-1: Ground out 6-3 (Groundball, 6S, EV 68.8 MPH)
Shane Esmond to third
Batting: RHB Luke Fowke 0-0: Called Strike
0-1: Ground out 5-3 (Groundball, 56S, EV 85.6 MPH)
Shane Esmond scores
Batting: LHB Greyson Leeder 0-0: Called Strike
0-1: Foul Ball, location: 7LDF
0-2: Ball
1-2: Strikes out swinging
Top of the 1st over - 1 run, 1 hit, 0 errors, 0 left on base; Wests 1 - Cronulla 0
BOTTOM OF THE 1ST
Cronulla Sharks batting - Pitching for Wests Tigers : RHP Mick Haydock
Pitching: RHP Mick Haydock
Batting: LHB Nick Jeffcoate 0-0: Ball
1-0: Fly out, F5 (Line Drive, 5L, EV 69.4 MPH)
Batting: RHB Asa Thatcher 0-0: Ball
1-0: Foul Ball, location: 9LMF
1-1: Foul Ball, location: 3FF
1-2: Ground out 6-3 (Groundball, 6M, EV 85.0 MPH)
Batting: RHB Mark Ryan 0-0: Ground out 6-3 (Groundball, 6, EV 105.0 MPH)
Bottom of the 1st over - 0 runs, 0 hits, 0 errors, 0 left on base; Wests 1 - Cronulla 0
TOP OF THE 2ND
Wests Tigers batting - Pitching for Cronulla Sharks : LHP Young-chul Kong
Batting: RHB Joe Minto 0-0: Ball
1-0: Called Strike
1-1: Ball
2-1: Ground out 5-3 (Groundball, 5L, EV 85.6 MPH)
Batting: LHB Rapata Kaulo 0-0: Called Strike
0-1: Ball
1-1: Ball
2-1: Ball
3-1: Foul Ball, location: 2F
3-2: Strikes out swinging
Batting: RHB Paul Llewellyn 0-0: Called Strike
0-1: Called Strike
0-2: Ball
1-2: Ball
2-2: Ball
3-2: Base on Balls
Batting: LHB Davin Gilder 0-0: Ball
1-0: Called Strike
1-1: Fly out, F2 (Popup, 15S, EV 85.6 MPH)
Top of the 2nd over - 0 runs, 0 hits, 0 errors, 1 left on base; Wests 1 - Cronulla 0
BOTTOM OF THE 2ND
Cronulla Sharks batting - Pitching for Wests Tigers : RHP Mick Haydock
Batting: LHB Bill Gower 0-0: Foul Ball, location: 2F
0-1: Foul Ball, location: 3FF
0-2: Ball
1-2: Ground out 4-3 (Groundball, 4, EV 106.3 MPH)
Batting: RHB Ollie Bullivant 0-0: Ball
1-0: Ball
2-0: Foul Ball, location: 2F
2-1: Called Strike
2-2: SINGLE (Line Drive, 8RS, EV 95.0 MPH)
Batting: RHB Louis Belcher 0-0: Ball
1-0: Called Strike
1-1: Ball
2-1: Fly out, F6 (Line Drive, 6M, EV 66.9 MPH)
Batting: SHB Tony Alvarado 0-0: Ball
1-0: Foul Ball, location: 2F
1-1: Swinging Strike
1-2: Ball
2-2: Foul Ball, location: 23FF
2-2: Foul Ball, location: 23F
2-2: Strikes out swinging
Bottom of the 2nd over - 0 runs, 1 hit, 0 errors, 1 left on base; Wests 1 - Cronulla 0
TOP OF THE 3RD
Wests Tigers batting - Pitching for Cronulla Sharks : LHP Young-chul Kong
Batting: RHB Mick Haydock 0-0: Ball
1-0: Foul Ball, location: 2F
1-1: Fly out, F9 (Flyball, 9LS, EV 93.8 MPH)
Batting: RHB Shane Esmond 0-0: DOUBLE (Line Drive, 5D, EV 96.3 MPH)
Batting: RHB Joel Farrell 0-0: Called Strike
0-1: Foul Ball, location: 2F
0-2: Strikes out looking
Batting: RHB Luke Fowke 0-0: Swinging Strike
0-1: Ball
1-1: Ball
2-1: Ball
3-1: Foul Ball, location: 23F
3-2: Ground out 4-3 (Groundball, 4M, EV 86.3 MPH)
Top of the 3rd over - 0 runs, 1 hit, 0 errors, 1 left on base; Wests 1 - Cronulla 0
BOTTOM OF THE 3RD
Cronulla Sharks batting - Pitching for Wests Tigers : RHP Mick Haydock
Batting: SHB Bruno Collick 0-0: Ball
1-0: Called Strike
1-1: Ball
2-1: Ball
3-1: Base on Balls
Batting: LHB Young-chul Kong 0-0: Sac Bunt to 15 - play at first, batter OUT! 1-4
Bruno Collick to second
Batting: LHB Nick Jeffcoate 0-0: Ball
1-0: Ball
2-0: Called Strike
2-1: Ball
3-1: Base on Balls
Batting: RHB Asa Thatcher 0-0: Ball
1-0: Swinging Strike
1-1: Foul Ball, location: 2F
1-2: Ball
2-2: Ball
3-2: Foul Ball, location: 9LDF
3-2: Fly out, F3 (Popup, 3F, EV 66.3 MPH)
Batting: RHB Mark Ryan 0-0: Called Strike
0-1: Ball
1-1: Called Strike
1-2: Ground out 4-3 (Groundball, 4, EV 81.9 MPH)
Bottom of the 3rd over - 0 runs, 0 hits, 0 errors, 2 left on base; Wests 1 - Cronulla 0
TOP OF THE 4TH
Wests Tigers batting - Pitching for Cronulla Sharks : LHP Young-chul Kong
Batting: LHB Greyson Leeder 0-0: Ball
1-0: Called Strike
1-1: Ball
2-1: Called Strike
2-2: Foul Ball, location: 5SF
2-2: Ball
3-2: Foul Ball, location: 5F
3-2: SINGLE (Line Drive, 8RS, EV 107.5 MPH)
Batting: RHB Joe Minto 0-0: Fly out, F7 (Flyball, 7D, EV 106.3 MPH)
Batting: LHB Rapata Kaulo 0-0: Ball
1-0: Hit by Pitch
Greyson Leeder to second
Batting: RHB Paul Llewellyn 0-0: Ball
1-0: Reached on error, E5 (Groundball, 56S, EV 64.4 MPH)
Greyson Leeder to third
Rapata Kaulo to second
Batting: LHB Davin Gilder 0-0: Called Strike
0-1: Fielders Choice at 2nd, 3-6 (Groundball, 34, EV 86.9 MPH)
Greyson Leeder scores
Rapata Kaulo to third
Batting: RHB Mick Haydock 0-0: Called Strike
0-1: Ball
1-1: Fly out, F9 (Flyball, 9D, EV 102.5 MPH)
Top of the 4th over - 1 run, 1 hit, 1 error, 2 left on base; Wests 2 - Cronulla 0
BOTTOM OF THE 4TH
Cronulla Sharks batting - Pitching for Wests Tigers : RHP Mick Haydock
Batting: LHB Bill Gower 0-0: Called Strike
0-1: Ball
1-1: Ball
2-1: Called Strike
2-2: Ball
3-2: SINGLE (Line Drive, 9S, EV 106.9 MPH)
Batting: RHB Ollie Bullivant 0-0: Called Strike
0-1: Ball
1-1: Swinging Strike
1-2: Ball
2-2: Strikes out swinging
Batting: RHB Louis Belcher 0-0: Called Strike
Bill Gower steals 2nd base
0-1: Foul Ball, location: 5DF
0-2: Ball
1-2: Foul Ball, location: 3F
1-2: Fly out, F9 (Flyball, 9D, EV 86.9 MPH)
Runner from 2nd tags up, SAFE at 3rd, no throw by RF
Batting: SHB Tony Alvarado 0-0: Ball
1-0: Fly out, F8 (Flyball, 8LS, EV 86.9 MPH)
Bottom of the 4th over - 0 runs, 1 hit, 0 errors, 1 left on base; Wests 2 - Cronulla 0
TOP OF THE 5TH
Wests Tigers batting - Pitching for Cronulla Sharks : LHP Young-chul Kong
Batting: RHB Shane Esmond 0-0: Ball
1-0: Foul Ball, location: 2F
1-1: Called Strike
1-2: Ball
2-2: Ball
3-2: Base on Balls
Batting: RHB Joel Farrell 0-0: Called Strike
0-1: Ball
1-1: Swinging Strike
1-2: Strikes out swinging
Batting: RHB Luke Fowke 0-0: Ball
1-0: Foul Ball, location: 7LMF
1-1: Foul Ball, location: 2F
1-2: Ground out 5-3 (Groundball, 5S, EV 71.9 MPH)
Shane Esmond to second
Batting: LHB Greyson Leeder 0-0: Swinging Strike
0-1: Ball
1-1: Foul Ball, location: 3F
1-2: Ground out U3 (Groundball, 3S, EV 86.9 MPH)
Top of the 5th over - 0 runs, 0 hits, 0 errors, 1 left on base; Wests 2 - Cronulla 0
BOTTOM OF THE 5TH
Cronulla Sharks batting - Pitching for Wests Tigers : RHP Mick Haydock
Batting: SHB Bruno Collick 0-0: Foul Ball, location: 23FF
0-1: Ground out 6-3 (Groundball, 6, EV 70.6 MPH)
Pinch Hitting: LHB Joel Aylett 0-0: Fly out, F9 (Flyball, 89M, EV 108.8 MPH)
Batting: LHB Nick Jeffcoate 0-0: Ball
1-0: Ball
2-0: Ball
3-0: Base on Balls
Batting: RHB Asa Thatcher 0-0: Ball
Nick Jeffcoate steals 2nd base
1-0: Ball
2-0: Foul Ball, location: 9LSF
2-1: Called Strike
2-2: Foul Ball, location: 7LSFF
2-2: Ground out 4-3 (Groundball, 4, EV 88.1 MPH)
Bottom of the 5th over - 0 runs, 0 hits, 0 errors, 1 left on base; Wests 2 - Cronulla 0
TOP OF THE 6TH
Wests Tigers batting - Pitching for Cronulla Sharks : LHP Young-chul Kong
Pitching: RHP Bill Embleton
Batting: RHB Joe Minto 0-0: Ball
1-0: DOUBLE (Line Drive, 89D, EV 105.6 MPH)
Batting: LHB Rapata Kaulo 0-0: Intentional Walk
Batting: RHB Paul Llewellyn 0-0: Called Strike
0-1: Sac Bunt to P - play at first, batter OUT! 1-3
Joe Minto to third
Rapata Kaulo to second
Batting: LHB Davin Gilder 0-0: Intentional Walk
Batting: RHB Mick Haydock 0-0: Ball
1-0: Ball
Wild Pitch!
Joe Minto scores
Rapata Kaulo to third
Davin Gilder to second
2-0: Called Strike
2-1: Foul Ball, location: 7LSF
2-2: Foul Ball, location: 3SF
2-2: SINGLE (Line Drive, 89S, EV 102.5 MPH)
Rapata Kaulo scores
Davin Gilder to third
Batting: RHB Shane Esmond 0-0: SINGLE (Line Drive, 78S, EV 110.6 MPH)
Davin Gilder scores
Mick Haydock to second
Pitching: RHP Reggie Tilden
Batting: RHB Joel Farrell 0-0: Ball
1-0: Ball
2-0: Called Strike
2-1: Foul Ball, location: 7LMF
2-2: SINGLE (Groundball, 6M, EV 84.4 MPH) (infield hit)
Mick Haydock to third
Shane Esmond to second
Batting: RHB Luke Fowke 0-0: Ball
1-0: Grounds into fielders choice 5-2 (Groundball, 56, EV 105.6 MPH)
Shane Esmond to third
Joel Farrell to second
Batting: LHB Greyson Leeder 0-0: Called Strike
0-1: Called Strike
0-2: Foul Ball, location: 2F
0-2: Foul Ball, location: 7LMF
0-2: Ball
1-2: Ball
2-2: Foul Ball, location: 9LMF
2-2: Foul Ball, location: 5F
2-2: Fly out, F9 (Line Drive, 9, EV 90.0 MPH)
Top of the 6th over - 3 runs, 4 hits, 0 errors, 3 left on base; Wests 5 - Cronulla 0
BOTTOM OF THE 6TH
Cronulla Sharks batting - Pitching for Wests Tigers : RHP Mick Haydock
Batting: RHB Mark Ryan 0-0: Ball
1-0: Swinging Strike
1-1: Foul Ball, location: 2F
1-2: Fly out, F9 (Line Drive, 9S, EV 90.6 MPH)
Batting: LHB Bill Gower 0-0: DOUBLE (Flyball, 8RXD, EV 109.4 MPH)
Batting: RHB Ollie Bullivant 0-0: Ball
1-0: Ground out 6-3 (Groundball, 6, EV 88.1 MPH)
Batting: RHB Louis Belcher 0-0: Called Strike
0-1: Fly out, F8 (Flyball, 8RS, EV 85.0 MPH)
Bottom of the 6th over - 0 runs, 1 hit, 0 errors, 1 left on base; Wests 5 - Cronulla 0
TOP OF THE 7TH
Wests Tigers batting - Pitching for Cronulla Sharks : RHP Reggie Tilden
Batting: RHB Joe Minto 0-0: Called Strike
0-1: Foul Ball, location: 25F
0-2: Ball
1-2: Ball
2-2: SINGLE (Popup, 6MD, EV 66.3 MPH)
Batting: LHB Rapata Kaulo 0-0: Swinging Strike
0-1: Foul Ball, location: 3F
0-2: Hit by Pitch
Joe Minto to second
Batting: RHB Paul Llewellyn 0-0: Called Strike
0-1: Ball
1-1: SINGLE (Groundball, 4MD, EV 100.0 MPH)
Joe Minto to third
Rapata Kaulo to second
Batting: LHB Davin Gilder 0-0: Ball
1-0: Foul Ball, location: 2F
1-1: Grounds into fielders choice 4-2 (Groundball, 4, EV 90.6 MPH)
Rapata Kaulo to third
Paul Llewellyn to second
Batting: RHB Mick Haydock 0-0: Grounds into fielders choice 5-2 (Groundball, 56, EV 85.6 MPH)
Paul Llewellyn to third
Davin Gilder to second
Batting: RHB Shane Esmond 0-0: Ball
1-0: SINGLE (Groundball, 6S, EV 65.6 MPH) (infield hit)
Paul Llewellyn scores
Davin Gilder to third
Mick Haydock to second
Batting: RHB Joel Farrell 0-0: Ball
1-0: Swinging Strike
1-1: Foul Ball, location: 23FF
1-2: Fly out, F6 (Popup, 6, EV 58.8 MPH)
Top of the 7th over - 1 run, 3 hits, 0 errors, 3 left on base; Wests 6 - Cronulla 0
BOTTOM OF THE 7TH
Cronulla Sharks batting - Pitching for Wests Tigers : RHP Mick Haydock
Batting: SHB Tony Alvarado 0-0: Ball
1-0: Called Strike
1-1: Ball
2-1: Ball
3-1: Base on Balls
Batting: SHB Bruno Collick 0-0: Foul Ball, location: 7LMF
0-1: Ball
1-1: Ball
2-1: Swinging Strike
2-2: Strikes out looking
Pinch Hitting: RHB Brad Junee 0-0: Called Strike
0-1: Ball
1-1: Ball
2-1: Foul Ball, location: 9LDF
2-2: Ball
3-2: Foul Ball, location: 2F
3-2: Strikes out swinging
Batting: LHB Nick Jeffcoate 0-0: Ball
1-0: Ball
2-0: Ball
3-0: Called Strike
3-1: Called Strike
3-2: SINGLE (Line Drive, 56, EV 94.4 MPH)
Tony Alvarado to second
Tony Alvarado to third
Pitching: RHP Keith Fooks
Batting: RHB Asa Thatcher 0-0: Reached via error on a dropped throw from SS, E4 (Groundball, 6, EV 85.0 MPH)
Tony Alvarado scores
Nick Jeffcoate to second
Batting: RHB Mark Ryan 0-0: Ball
1-0: Foul Ball, location: 5F
1-1: SINGLE (Line Drive, 9S, EV 107.5 MPH)
Nick Jeffcoate to third
Asa Thatcher to second
Runner from 3rd tries for Home, SAFE, throw by RF to home
Batting: LHB Bill Gower 0-0: Ball
1-0: Ball
2-0: Foul Ball, location: 5DF
2-1: Fly out, F6 (Popup, 6, EV 61.9 MPH)
Bottom of the 7th over - 2 runs, 2 hits, 1 error, 2 left on base; Wests 6 - Cronulla 2
TOP OF THE 8TH
Wests Tigers batting - Pitching for Cronulla Sharks : RHP Reggie Tilden
Pitching: RHP Coltyn Beardsley
Batting: RHB Luke Fowke 0-0: Called Strike
0-1: Foul Ball, location: 2F
0-2: Ball
1-2: SINGLE (Line Drive, 7LS, EV 89.4 MPH)
Batting: LHB Greyson Leeder 0-0: Fielders Choice at 2nd, 4-6 (Groundball, 34S, EV 87.5 MPH)
Batting: RHB Joe Minto 0-0: Called Strike
0-1: Foul Ball, location: 2F
0-2: Foul Ball, location: 9LMF
0-2: Fly out, F9 (Flyball, 9, EV 75.0 MPH)
Batting: LHB Rapata Kaulo 0-0: Ball
1-0: Foul Ball, location: 2F
1-1: Foul Ball, location: 2F
1-2: Ball
2-2: Ball
3-2: Ground out 4-3 (Groundball, 4D, EV 97.5 MPH)
Top of the 8th over - 0 runs, 1 hit, 0 errors, 1 left on base; Wests 6 - Cronulla 2
BOTTOM OF THE 8TH
Cronulla Sharks batting - Pitching for Wests Tigers : RHP Keith Fooks
Pinch Hitting: SHB Tas Monroe 0-0: Ground out 4-3 (Groundball, 4, EV 80.0 MPH)
Batting: RHB Louis Belcher 0-0: Ball
1-0: Foul Ball, location: 3FF
1-1: Ball
2-1: Foul Ball, location: 25FF
2-2: Strikes out swinging, 2-3 out at first.
Batting: SHB Tony Alvarado 0-0: Called Strike
0-1: Ball
1-1: Foul Ball, location: 9LDF
1-2: Fly out, F9 (Flyball, 9S, EV 86.3 MPH)
Bottom of the 8th over - 0 runs, 0 hits, 0 errors, 0 left on base; Wests 6 - Cronulla 2
TOP OF THE 9TH
Wests Tigers batting - Pitching for Cronulla Sharks : RHP Coltyn Beardsley
Now at 2B: John Elkington
Pinch Hitting: LHB Daniel Bryan 0-0: Ball
1-0: Foul Ball, location: 7LSF
1-1: Foul Ball, location: 3FF
1-2: Ball
2-2: Foul Ball, location: 7LSF
2-2: Ball
3-2: Reached on error, E3 (Groundball, 34S, EV 87.5 MPH)
Batting: LHB Davin Gilder 0-0: Ball
1-0: Grounds into double play, 4-6-3 (Groundball, 34, EV 101.3 MPH)
Pinch Hitting: LHB Graeme Sayer 0-0: Ball
1-0: Swinging Strike
1-1: Ball
2-1: Ground out 5-3 (Groundball, 56, EV 83.1 MPH)
Top of the 9th over - 0 runs, 0 hits, 1 error, 0 left on base; Wests 6 - Cronulla 2
BOTTOM OF THE 9TH
Cronulla Sharks batting - Pitching for Wests Tigers : RHP Keith Fooks
Pitching: RHP Timothy Chapman
Now at 3B: Seth Carmichael
Batting: SHB Bruno Collick 0-0: Called Strike
0-1: Ball
1-1: Ball
2-1: Called Strike
2-2: Ball
3-2: Fly out, F6 (Popup, 6MS, EV 69.4 MPH)
Pinch Hitting: RHB John Fay 0-0: Foul Ball, location: 7LMF
0-1: Ball
1-1: Ball
2-1: Foul Ball, location: 2F
2-2: Foul Ball, location: 7LSFF
2-2: Strikes out looking
Batting: LHB Nick Jeffcoate 0-0: Fly out, F7 (Line Drive, 7LM, EV 101.3 MPH)
Bottom of the 9th over - 0 runs, 0 hits, 0 errors, 0 left on base; Wests 6 - Cronulla 2
Saturday, May 4th , 2024 - OOTP Baseball 24.9 Build 80